AoeStats
← Melodies of Life

Baltic

510636881Analyzed
4v4 RM · 1d ago on Oct 1, 2026· 37m 46s· 8 players
Game mode
Random Map
Map size
Large (8 player)
Population
200
Speed
Normal
Resources
Standard
Victory
Conquest
Starting age
Dark Age
Ending age
Imperial Age
RankedLock teamsTeams togetherTeam positionsShared explorationLock speedFull tech treeHidden civsTurbo modeCheats
Victory
Defeat
1369
+11
🇫🇷 Vikings · France
1368
+11
🇻🇳 Franks · Vietnam
1307
+13
🇨🇾 Byzantines · Cyprus
1154
+20
🇦🇷 Lithuanians · Argentina
1270
-15
🇩🇪 Koreans · Germany
1257
-14
🇻🇳 Dravidians · Vietnam
1246
-14
🇬🇧 Persians · United Kingdom
1204
-12
ReBeL_persi
7:44 Loom
10:34 Feudal Age
16:26 Castle Age
15:30 Double-Bit Axe
15:47 Town Watch
15:59 Stone Mining
17:39 Bow Saw
18:46 Medium Warships
21:38 Fletching
22:16 Bodkin Arrow
28:28 Forging
33:36 Scale Barding Armor
NoobSB
11:45 Feudal Age
16:47 Castle Age
14:48 Double-Bit Axe
17:42 Bow Saw
17:30 Fishing Lines
17:38 Horse Collar
17:44 Loom
18:15 Gillnets
20:32 Heavy Plow
23:26 Scale Barding Armor
25:29 Bloodlines
26:20 Wheelbarrow
32:49 Imperial Age
30:34 Hand Cart
30:44 Chain Barding Armor
30:22 Gold Mining
31:06 Husbandry
31:43 Forging
32:45 Cavalier
34:17 Plate Barding Armor
33:51 Fletching
34:45 Conscription
34:19 Savar
BondTrustee
6:31 Loom
7:35 Loom
11:04 Feudal Age
15:26 Double-Bit Axe
19:24 Wheelbarrow
20:19 Horse Collar
23:05 Castle Age
24:59 Fletching
25:22 Crossbowman
26:01 Crossbowman
26:38 Bodkin Arrow
32:12 Bow Saw
33:24 Heavy Plow
Tin's
10:46 Loom
12:57 Feudal Age
13:44 Double-Bit Axe
15:45 Fletching
17:04 Horse Collar
19:44 Padded Archer Armor
24:22 Castle Age
25:31 Bodkin Arrow
26:08 Medium Warships
33:40 Heavy Plow
JonnyD
12:48 Feudal Age
13:39 Double-Bit Axe
15:30 Scale Barding Armor
15:39 Forging
17:31 Scale Mail Armor
22:04 Castle Age
24:25 Chain Barding Armor
25:40 Horse Collar
29:20 Imperial Age
26:37 Loom
27:33 Iron Casting
27:23 Fishing Lines
28:01 Heavy Plow
28:02 Stone Mining
28:49 Wheelbarrow
28:25 Treadmill Crane
28:43 Murder Holes
29:41 Fletching
29:39 Cavalier
30:32 Bodkin Arrow
31:39 Bracer
31:46 Husbandry
32:14 Gold Mining
35:14 Plate Barding Armor
double barrack mountain king
13:34 Feudal Age
17:30 Castle Age
15:26 Double-Bit Axe
15:54 Fletching
17:11 Gold Mining
17:08 Loom
25:10 Thumb Ring
25:43 Ballistics
28:46 Gold Shaft Mining
28:23 Bow Saw
28:09 Fishing Lines
29:17 Clinker Construction
29:56 Gillnets
34:23 Horse Collar
35:21 Wheelbarrow
39:01 Imperial Age
Melodies of Life
2:51 Loom
14:05 Feudal Age
15:35 Double-Bit Axe
15:45 Town Watch
15:58 Stone Mining
15:52 Fishing Lines
18:50 Castle Age
19:55 Medium Warships
22:03 Bow Saw
21:44 Gold Mining
25:09 Gillnets
28:25 Husbandry
30:30 Scale Barding Armor
30:41 Forging
32:43 Iron Casting
33:31 Scale Barding Armor
35:22 Chain Barding Armor
36:49 Wheelbarrow
37:52 Hand Cart
Coquelicot
7:08 Loom
10:34 Feudal Age
19:10 Double-Bit Axe
22:11 Castle Age
22:18 Castle Age
21:09 Fletching
22:45 Scale Mail Armor
22:56 Forging
24:46 Town Watch
25:45 Chain Mail Armor
26:17 Squires
26:03 Arson
29:08 Pikeman
32:27 Bow Saw
35:17 Imperial Age
36:03 Horse Collar
36:13 Elite Varangian Guard
37:24 Plate Mail Armor
38:04 Heavy Plow
Connection lost

Rejoining the realm…

Still unreachable

The connection could not be restored.

Session expired

The server has moved on; the page needs a fresh start.